 Dungeon Crawl Stone Soup version 0.25-a0-578-gc91f01c (webtiles) character file.

Game seed: 18430973149157177775, levelgen mode: deterministic

1619 relicbr the Destroyer (level 8, -3/41 HPs)
             Began as a Tengu Conjurer on Mar 3, 2020.
             Was an Initiate of Vehumet.
             Blown up by an orc wizard (24 damage)
             ... with a disintegration bolt
             ... on level 7 of the Dungeon.
             The game lasted 00:14:01 (6253 turns).

relicbr the Destroyer (Tengu Conjurer)              Turns: 6253, Time: 00:14:02

Health: -3/41      AC:  3    Str:  8    XL:     8   Next: 96%
Magic:  10/19      EV: 15    Int: 17    God:    Vehumet [......]
Gold:   417        SH:  5    Dex: 16    Spells: 13/21 levels left

rFire    + . .     SeeInvis .   b - +0 short sword (flame)
rCold    . . .     Gourm    .   i - +0 buckler
rNeg     . . .     Faith    .   d - +0 leather armour
rPois    .         Spirit   .   (helmet restricted)
rElec    .         Reflect  .   (no cloak)
rCorr    .         Harm     .   (no gloves)
MR       .....                  (boots unavailable)
Stlth    ++........             t - amulet of regeneration
HPRegen  0.53/turn              E - +1 ring of evasion
MPRegen  0.16/turn              e - ring of protection from fire

@: flying quickly and evasively, quick
A: beak, talons 3, able to fly
a: Stop Flying, Renounce Religion


You were on level 7 of the Dungeon.
You worshipped Vehumet.
Vehumet was noncommittal.
You were not hungry.

You visited 2 branches of the dungeon, and saw 8 of its levels.

You collected 417 gold pieces.

Inventory:

Hand Weapons
 a - a +0 dagger of electrocution
 b - a +0 short sword of flaming (weapon)
 B - a +2 short sword of protection
Armour
 d - a +0 leather armour (worn)
 i - a +0 buckler (worn)
Jewellery
 e - a ring of protection from fire (right hand)
 g - an uncursed ring of wizardry
 p - an uncursed ring of wizardry
 t - an amulet of regeneration (around neck)
 E - a +1 ring of evasion (left hand)
 J - an uncursed ring of protection from magic {unknown}
Wands
 C - a wand of polymorph (5)
Scrolls
 k - a scroll of enchant weapon {unknown}
 l - a scroll of blinking {unknown}
 m - 2 scrolls of teleportation {unknown}
 n - 3 scrolls of enchant armour {unknown}
 o - 6 scrolls of remove curse
 q - 8 scrolls of identify {unknown}
 r - a scroll of fear {unknown}
 s - a scroll of immolation {unknown}
 x - a scroll of fog {unknown}
 y - 2 scrolls of amnesia {unknown}
 z - a scroll of random uselessness {unknown}
 G - a scroll of noise {unknown}
Potions
 f - a potion of mutation {unknown}
 h - 4 potions of stabbing {unknown}
 j - a potion of might {unknown}
 u - a potion of degeneration {unknown}
 v - a potion of resistance {unknown}
 w - a potion of haste {unknown}
 A - 3 potions of curing {unknown}
 D - a potion of lignification {unknown}
 F - a potion of cancellation {unknown}
 H - a potion of heal wounds {unknown}
Comestibles
 c - 16 rations
 I - 6 chunks of flesh


   Skills:
 - Level 2.1 Dodging
 - Level 2.0 Stealth
 - Level 4.1 Shields
 * Level 7.3 Spellcasting
 - Level 10.0 Conjurations


You had 13 spell levels left.
You knew the following spells:

 Your Spells              Type           Power        Failure   Level  Hunger
a - Magic Dart            Conj           ####         1%          1    None
b - Searing Ray           Conj           #####.       1%          2    None
c - Fireball              Conj/Fire      ###.......   50%         5    #####..

Your spell library contained the following spells:

 Spells                   Type           Power        Failure   Level  Hunger
 Foxfire                  Conj/Fire      ###.         1%          1    None
 Conjure Flame            Conj/Fire      ###.....     6%          3    ##.....
 Dazzling Flash           Conj/Hex       ###...       6%          3    ##.....
 Animate Skeleton         Necr           N/A          17%         1    None
 Pain                     Necr           #...         17%         1    None
 Fulminant Prism          Conj/Hex       ###.......   21%         4    ####...
 Iskenderun's Mystic Bla  Conj/Tloc      ###.....     21%         4    ####...
 Sticky Flame             Conj/Fire      ###.....     21%         4    ####...
 Inner Flame              Hex/Fire       #.......     45%         3    ##.....
 Vampiric Draining        Necr           #.........   45%         3    ##.....
 Animate Dead             Necr           N/A          86%         4    ####...
 Agony                    Necr           #.......     99%         5    #####..


Dungeon Overview and Level Annotations

Branches:
Dungeon (7/15)             Temple (1/1) D:7

Altars:
Cheibriados
Dithmenos
Elyvilon
Fedhas
Gozag
Kikubaaqudgha
Okawaru
Sif Muna
Vehumet
The Shining One

Annotations:
D:7 exclusion: oklob plant


Innate Abilities, Weirdness & Mutations

You have a beak for a mouth.
You have claws for feet.
You can fly continuously.


Message History

You kill the orc!
Vehumet accepts your kill.
The searing ray hits the orc warrior!
The orc warrior is moderately wounded.
You finish channeling your searing ray.
The orc wizard zaps a wand.
You are blasted!
Ouch! That really hurt!
The orc wizard gestures wildly while chanting.
The orc wizard blinks!
Casting: Searing Ray (safe; 1% risk of failure)
Confirm with . or Enter, or press ? or * to list all spells.
Aiming: Searing Ray (safe; 1% risk of failure)
Press: ? - help, Shift-Dir - straight line, f - killer bee zombie, p - orc wizard
Aim: a killer bee zombie The searing ray hits the killer bee zombie!
The killer bee zombie is moderately damaged. (Press . to maintain the ray.)
The orc wizard zaps a wand.
You are blasted!
Ouch! That really hurt!
You die...

### .....## #######
#........ ....$#
#........ #..$#
####...>.... .
#..####........... ..
#................< .#.
##...###.##........
....###.#...oZ..@........
#.....§o....##...#.##
##..##.#######...#.#
#?.##.# #####.....##
#..##.# #.....###..##
#..##.# #.###.# #...# #.#
.o....# #.# #.###...#####
#.# ........ #.#
#..)))..#...###.#
o#o.###. #.#
##)###..#.......#


You could see an orc warrior, an orc wizard and a killer bee zombie.

Vanquished Creatures
  2 ice beasts
  2 sky beasts
  An orc warrior (D:7)
  A phantom (D:5)
  A bullfrog (D:6)
  2 scorpions
  2 howler monkeys
  A crimson imp (D:6)
  4 hounds
  A bullfrog skeleton (D:4)
  A gnoll shaman (D:7)
  2 orc priests (D:6)
  4 orc wizards
  A centaur skeleton (D:4)
  2 iguanas
  3 worker ants
  A howler monkey zombie (D:6)
  7 gnolls
  10 adders
  An ooze (D:7)
  An adder zombie (D:5)
  2 adder skeletons (D:5)
  3 worms
  7 leopard geckos
  19 orcs
  8 giant cockroaches
  3 goblins
  5 hobgoblins
  7 jackals
  3 quokkas
  A ball python (D:3)
  8 bats
  2 frilled lizards
  9 kobolds
  A quokka skeleton (D:4)
  4 rats
132 creatures vanquished.

Notes
Turn   | Place    | Note
-------+----------+-------------------------------------------
     0 | D:1      | relicbr the Tengu Conjurer began the quest for the Orb.
     0 | D:1      | Reached XP level 1. HP: 10/10 MP: 4/4
   172 | D:1      | Reached XP level 2. HP: 15/15 MP: 4/6
   226 | D:1      | Reached skill level 6 in Conjurations
   521 | D:1      | Learned a level 2 spell: Searing Ray
   646 | D:1      | Reached XP level 3. HP: 19/19 MP: 4/7
  1205 | D:2      | Reached skill level 7 in Conjurations
  1296 | D:2      | Reached XP level 4. HP: 20/24 MP: 8/8
  1744 | D:2      | Reached skill level 1 in Shields
  2297 | D:3      | Reached skill level 8 in Conjurations
  2297 | D:3      | Gained mutation: You can fly continuously. [Tengu growth]
  2297 | D:3      | Reached XP level 5. HP: 28/28 MP: 2/9
  3322 | D:4      | Reached skill level 9 in Conjurations
  3322 | D:4      | Reached XP level 6. HP: 32/32 MP: 4/10
  4050 | D:4      | Reached skill level 10 in Conjurations
  4140 | D:5      | Entered Level 5 of the Dungeon
  4171 | D:5      | Reached XP level 7. HP: 36/36 MP: 6/11
  4823 | D:5      | Found a snail-covered altar of Cheibriados.
  5045 | D:6      | Reached XP level 8. HP: 41/41 MP: 10/15
  5339 | D:6      | Reached skill level 5 in Spellcasting
  5434 | D:6      | Learned a level 5 spell: Fireball
  5700 | D:5      | Found a glowing golden altar of the Shining One.
  5700 | D:5      | Found a white marble altar of Elyvilon.
  5700 | D:5      | Found an iron altar of Okawaru.
  5811 | D:7      | Found a blossoming altar of Fedhas.
  5825 | D:7      | Noticed an oklob plant
  5885 | D:7      | Found a staircase to the Ecumenical Temple.
  5894 | Temple   | Entered the Ecumenical Temple
  5930 | Temple   | Became a worshipper of Vehumet
  6253 | D:7      | Blown up by an orc wizard

Levels and vault maps discovered:
D:1:      evilmike_arrival_fibonacci_small, layout_basic, minmay_tall_x
D:2:      minmay_razor_zed, layout_rooms, wad_orctagon
D:3:      layout_loops_ring, first_ration
D:4:      layout_gridville
D:5:      layout_loops_ring, nicolae_overflow_hidden_temple
D:6:      layout_rooms
D:7:      layout_loops_ring, tgw_fedhas, minmay_temple_entry_mist
Temple:   minmay_crystal_spiral_temple

Skill      XL: |  1  2  3  4  5  6  7  8 |
---------------+-------------------------+-----
Conjurations   | 6 7 8 9 10 | 10.0
Shields        | 1 2 3 4 |  4.1
Spellcasting   | 4 7 |  7.3
Dodging        | |  2.1
Stealth        | |  2.0

Action                   |  1- 3 |  4- 6 |  7- 9 || total
-------------------------+-------+-------+-------++-------
Melee: Unarmed           |     3 |       |       ||     3
       Short sword       |    15 |    67 |    36 ||   118
       Kick              |     3 |    11 |     5 ||    19
       Peck              |       |     6 |     5 ||    11
       Dagger            |       |    12 |       ||    12
 Cast: Magic Dart        |    42 |    43 |    24 ||   109
       Searing Ray       |     5 |    16 |    29 ||    50
 Abil: Fly               |       |     1 |       ||     1
  Use: Scroll            |       |     1 |       ||     1
 Stab: Sleeping          |     1 |     4 |     1 ||     6
  Eat: Chunk             |     2 |    10 |     7 ||    19
Armor: Leather armour    |     9 |    20 |     5 ||    34
Dodge: Dodged            |    10 |    40 |    39 ||    89
Block: Buckler           |     4 |    17 |     5 ||    26

Table legend:
 A = Non-vault XP
 B = Vault XP
 C = Vault XP percentage of total XP
 D = Non-vault monster count
 E = Vault monster count
 F = Vault count percentage of total count
                 A         B        C        D         E       F
            +---------+---------+-------+---------+---------+-------
      Total |    2257 |      57 |   2.5 |     114 |      18 |  13.6
            +---------+---------+-------+---------+---------+-------
        D:1 |      29 |       7 |  19.4 |      17 |       5 |  22.7
        D:2 |      49 |      50 |  50.5 |      12 |      13 |  52.0
        D:3 |     133 |       0 |   0.0 |      22 |       0 |   0.0
        D:4 |     324 |       0 |   0.0 |      16 |       0 |   0.0
        D:5 |     377 |       0 |   0.0 |       8 |       0 |   0.0
        D:6 |     838 |       0 |   0.0 |      20 |       0 |   0.0
        D:7 |     507 |       0 |   0.0 |      19 |       0 |   0.0
            +---------+---------+-------+---------+---------+-------
